 Dungeon Crawl Stone Soup version 0.23.0 (webtiles) character file.

Game seed: 3403855627306725150

108 Milting the Firebug (level 4, -2/36 HPs)
             Began as a Draconian Fire Elementalist on Feb 15, 2019.
             Slain by an ogre
             ... wielding a cursed -1 giant club
              (17 damage)
             ... on level 4 of the Dungeon.
             The game lasted 00:15:37 (2303 turns).

Milting the Firebug (Draconian Fire Elementalist)   Turns: 2303, Time: 00:15:38

Health: -2/36      AC:  5    Str: 11    XL:     4   Next: 58%
Magic:  16/16      EV: 12    Int: 16    God:
Gold:   110        SH:  4    Dex: 17    Spells: 6/7 levels left

rFire    . . .     SeeInvis .     - Unarmed
rCold    . . .     Gourm    .   k - +0 buckler
rNeg     . . .     Faith    .   (armour unavailable)
rPois    .         Spirit   .   (helmet restricted)
rElec    .         Reflect  .   (no cloak)
rCorr    .         Harm     .   (no gloves)
MR       .....                  (no boots)
Stlth    ++........             (no amulet)
HPRegen  0.12/turn              e - +6 ring of dexterity
MPRegen  0.15/turn              h - ring of magical power

@: no status effects
A: unfitting armour, cold-blooded, AC +5
a: no special abilities


You were on level 4 of the Dungeon.
You were not hungry.

You visited 1 branch of the dungeon, and saw 4 of its levels.

You collected 110 gold pieces.

Inventory:

Hand Weapons
 a - a +0 dagger
 l - a +2 dagger of venom
Armour
 i - a +0 leather armour
 j - a +0 scale mail
 k - a +0 buckler (worn)
 m - a +0 robe
 n - a +2 cloak
Jewellery
 e - a +6 ring of dexterity (left hand)
 h - a ring of magical power (right hand)
Scrolls
 d - 2 scrolls of remove curse {unknown}
 o - a scroll of enchant armour {unknown}
 q - a scroll of identify {unknown}
Potions
 c - a potion of might {unknown}
 f - a potion of resistance {unknown}
 g - 3 potions of curing {unknown}
Comestibles
 b - 5 rations


   Skills:
 * Level 2.0 Fighting
 - Level 1.7 Dodging
 + Level 2.0 Stealth
 + Level 0.8 Shields
 + Level 1.1 Unarmed Combat
 + Level 2.4 Spellcasting
 + Level 1.6 Conjurations
 * Level 3.8 Fire Magic


You had 6 spell levels left.
You knew the following spells:

 Your Spells              Type           Power        Failure   Level  Hunger
a - Flame Tongue          Conj/Fire      ##...        10%         1    #......

Your spell library contained the following spells:

 Spells                   Type           Power        Failure   Level  Hunger
 Throw Flame              Conj/Fire      ##....       14%         2    ###....
 Conjure Flame            Conj/Fire      ##......     28%         3    ###....
 Inner Flame              Hex/Fire       #.......     38%         3    ###....
 Sticky Flame             Conj/Fire      ##......     67%         4    #####..
 Fireball                 Conj/Fire      ##........   95%         5    ######.


Dungeon Overview and Level Annotations

Branches:
Dungeon (4/15)
 Temple: D:4-7

Altars:

Portals:
Sewer: D:3


Innate Abilities, Weirdness & Mutations

Your plain brown scales are hard. (AC +5)
You cannot fit into any form of body armour.
You are cold-blooded and may be slowed by cold attacks.


Message History

The ogre hits you with a cursed -1 giant club!!
Ouch! That really hurt!
* * * LOW HITPOINT WARNING * * *
Casting: Flame Tongue (safe; 10% risk of failure)
Confirm with . or Enter, or press ? or * to list all spells.
You don't know that spell.
Items here: )))) [[ † Your magical contamination has completely faded away.
Items here: )))) [[ ÷
Casting: Flame Tongue (safe; 10% risk of failure)
Confirm with . or Enter, or press ? or * to list all spells.
Aiming: Flame Tongue (safe; 10% risk of failure)
Press: ? - help, Shift-Dir - straight line, f/p - ogre
Aim: an ogre, wielding a -1 giant club (moderately wounded)
The flame tongue hits the ogre.
The ogre is heavily wounded.
There is an open door here.
There is a stone staircase leading up here.
The ogre hits you with a cursed -1 giant club!
You die...

.. #... ... #... ....##.). ..
......... ###### .... .....##...
...... ... ....##... ###### #.#
#...##(..
###############+####.####...##...
...#...#......#O@.#..........#...
.#.#.#.#......'...#..........#...
.#...#.###....#...#..........#...
.#####........#...'..........'...
.#####.......##...##...##...##...
.#...#.##################...##...
.#.#.#.# #....##### ...#.#.#
#.....# ######## #.....#


You could see an ogre.

Vanquished Creatures
  An orc wizard (D:4)
  An adder (D:2)
  2 worms
  3 dart slugs
  2 leopard geckos
  4 orcs
  9 bats
  2 giant cockroaches
  6 goblins
  3 hobgoblins
  3 jackals (D:2)
  6 kobolds
  A quokka (D:3)
  A ball python (D:3)
  7 rats
51 creatures vanquished.

Notes
Turn   | Place    | Note
-------+----------+-------------------------------------------
     0 | D:1      | Milting the Draconian Fire Elementalist began the quest for
                  | the Orb.
     0 | D:1      | Reached XP level 1. HP: 14/14 MP: 3/3
   201 | D:1      | Reached XP level 2. HP: 22/22 MP: 3/5
   620 | D:2      | Reached skill level 1 in Fighting
   780 | D:2      | Reached XP level 3. HP: 25/28 MP: 6/6
  1454 | D:3      | Found a glowing drain.
  1686 | D:3      | Reached XP level 4. HP: 36/36 MP: 7/7
  1981 | D:4      | Reached skill level 1 in Unarmed Combat
  2172 | D:4      | Noticed an ogre
  2185 | D:4      | HP: 1/36 [ogre/cursed -1 giant club (20)]
  2303 | D:4      | Slain by an ogre

Skill      XL: |  1  2  3  4 |
---------------+-------------+-----
Fighting       | 1 2 |  2.0
Unarmed Combat | 1 |  1.1
Stealth        | 2 |  2.0
Dodging        | |  1.7
Shields        | |  0.8
Spellcasting   | |  2.4
Conjurations   | |  1.6
Fire Magic     | |  3.8

Action                   |  1- 3 |  4- 6 || total
-------------------------+-------+-------++-------
Melee: Unarmed           |    79 |    25 ||   104
       Tailslap          |    12 |     3 ||    15
       Punch             |     1 |       ||     1
 Cast: Flame Tongue      |    52 |    19 ||    71
 Stab: Sleeping          |     6 |       ||     6
  Eat: Chunk             |     3 |     1 ||     4
       Ration            |       |     1 ||     1
Armor: Skin              |    28 |     9 ||    37
Dodge: Dodged            |    54 |    14 ||    68
Block: Buckler           |     8 |     5 ||    13
